 Dungeon Crawl Stone Soup version 0.31-a0-879-g1609e0ac53 (webtiles) character file.

Game seed: 13183254089482917685

60 D12ThenQuit the Trooper (level 4, -1/33 HPs)
             Began as an Octopode Fighter on Oct 15, 2023.
             Constricted to death by Ijyb (6 damage)
             ... on level 3 of the Dungeon.
             The game lasted 00:03:25 (1530 turns).

D12ThenQuit the Trooper (Octopode Fighter)          Turns: 1530, Time: 00:03:25

Health: -1/33      AC:  1    Str: 15    XL:     4   Next: 4%
Magic:  4/4        EV: 10    Int: 10    God:
Gold:   119        SH:  4    Dex: 13    Spells: 3/3 levels left

rFire   . . .        a - +0 rapier
rCold   . . .        b - +0 buckler
rNeg    . . .        (helmet restricted)
rPois   .            (no amulet)
rElec   .            (no ring)
rCorr   .            (no ring)
SInv    .            (no ring)
Will    .....        (no ring)
Stlth   ++           (no ring)
HPRegen 0.25/turn    (no ring)
MPRegen 0.09/turn    (no ring)
                     (no ring)

%: no passive effects
@: grasped by roots, constricted
A: almost no armour, amphibious, 8 rings, camouflage 1, gelatinous body 1,
(nimble swimmer 1), tentacles
a: no special abilities


You were on level 3 of the Dungeon.
You visited 1 branch of the dungeon, and saw 3 of its levels.

You collected 119 gold pieces.

Inventory:

Hand Weapons
 a - a +0 rapier (weapon)
 g - a +2 heavy trident
Armour
 b - a +0 buckler (worn)
Scrolls
 e - a scroll of poison {unknown}
 i - a scroll of teleportation {unknown}
 k - 2 scrolls of vulnerability {unknown}
 m - a scroll of identify {unknown}
 n - a scroll of immolation {unknown}
 o - a scroll of amnesia {unknown}
Potions
 c - 2 potions of might
 d - a potion of curing
 f - a potion of enlightenment {unknown}
 h - a potion of haste {unknown}
 j - a potion of brilliance {unknown}
 l - a potion of magic {unknown}


   Skills:
 + Level 3.7 Fighting
 + Level 2.8 Short Blades
 + Level 3.6 Dodging
 + Level 0.1 Stealth
 - Level 3.0 Shields


You had 3 spell levels left.
You didn't know any spells.
Your spell library contained the following spells:

 Spells                   Type           Power      Damage    Failure   Level
 Apportation              Tloc           0%         N/A       45%         1
 Foxfire                  Conj/Fire      0%         2x1d4     45%         1
 Necrotise                Necr           0%         1d4       45%         1
 Lesser Beckoning         Tloc           0%         N/A       58%         2
 Gell's Gravitas          Tloc           0%         N/A       83%         3
 Ignite Poison            Fire/Tmut/Pois 0%         N/A       83%         3
 Teleport Other           Tloc           0%         N/A       83%         3
 Sticky Flame             Conj/Fire      0%         2d3       99%         4
 Ignition                 Fire           0%         3d3       100%        8


Dungeon Overview and Level Annotations

Branches:
Dungeon (3/15)

Altars:

Annotations:
D:3 Ijyb


Innate Abilities, Weirdness & Mutations

You cannot wear most types of armour.
You are amphibious.
You can wear up to eight rings at the same time.
Your skin changes colour to match your surroundings (Stealth+).
Your rubbery body absorbs attacks. (AC +1, EV +1)
((You are camouflaged when in or above water. (Stealth+)))
You have tentacles for arms and can constrict up to eight enemies at once.


Message History

A frilled lizard comes into view.
You hit Ijyb but do no damage.
Ijyb is moderately wounded.
You constrict Ijyb, but do no damage. Ijyb closely misses you.
The grasping roots constrict you!
The grasping roots release their grip on you.
It was a potion of curing.
You feel better.
You constrict Ijyb. Ijyb misses you.
You hit Ijyb but do no damage.
Ijyb is moderately wounded.
You constrict Ijyb. Ijyb barely misses you.
You hit Ijyb but do no damage.
Ijyb is moderately wounded.
You constrict Ijyb. Ijyb hits you with a +0 dagger.
You hit Ijyb but do no damage.
Ijyb is moderately wounded.
You constrict Ijyb, but do no damage.
Ijyb zaps a wand.
The roots erupt in riotous growth!
The grasping roots grab you!
Ijyb is unaffected.
The grasping roots constrict you.
* * * LOW HITPOINT WARNING * * *
You hear a bark!
You escape the roots grasp.
You release your grip on Ijyb.
You closely miss Ijyb. Your grab misses Ijyb.
Ijyb is moderately wounded.
You block Ijyb's attack.
You closely miss Ijyb. You grab Ijyb.
Ijyb is moderately wounded.
You constrict Ijyb, but do no damage. Ijyb misses you.
You hit Ijyb but do no damage.
Ijyb is moderately wounded.
You constrict Ijyb.
Ijyb zaps a wand.
The roots erupt in riotous growth!
The grasping roots grab you!
Ijyb is unaffected.
The grasping roots constrict you.
* * * LOW HITPOINT WARNING * * *
An endoplasm comes into view.
Unknown command.
The roots grasp on you weakens, but your attempt to escape fails.
You constrict Ijyb. Ijyb closely misses you. The grasping roots constrict you.
You die...

#.# ~~~..##).. #.# ~~...
.J #.# #. ....... #.# #b.
... . #.###..# ....#
#.#....#######.#.#
#.#.##........l..#..
#.#.##..######g#>...
#.#.##.......@.#...
#.#.##.........#..#
#.#...............#
#.#.............:.#
#.#.###........#.####...
##....##.................
##......#..........####.##
##.#................#
#.##.....#####.....#####.


You could see Ijyb, an endoplasm and a frilled lizard.

Vanquished Creatures
  An adder (D:2)
  2 worms
  3 dart slugs
  4 ball pythons
  3 bats
  An endoplasm (D:2)
  A giant cockroach (D:1)
  3 hobgoblins
  4 kobolds
  3 quokkas
  2 frilled lizards
  4 goblins (D:1)
  8 rats
39 creatures vanquished.

Notes
Turn   | Place    | Note
-------+----------+-------------------------------------------
     0 | D:1      | D12ThenQuit the Octopode Fighter began the quest for the
                  | Orb.
     0 | D:1      | Reached XP level 1. HP: 16/16 MP: 1/1
   179 | D:1      | Reached XP level 2. HP: 21/21 MP: 2/2
   569 | D:1      | Got a yellowed book
   913 | D:2      | Reached XP level 3. HP: 25/26 MP: 3/3
  1022 | D:2      | Noticed a black bear
  1129 | D:2      | Found a faded altar of an unknown god.
  1432 | D:3      | Noticed Ijyb
  1487 | D:3      | Reached XP level 4. HP: 33/33 MP: 4/4
  1530 | D:3      | Constricted to death by Ijyb

Illustrated notes

Levels and vault maps discovered:
D:1:      minmay_arrival_arboretum_small, layout_loops_corners
D:2:      layout_basic, ebering_ecumenical_altar_abandoned
D:3:      layout_loops_ring, gammafunk_ghost_icy, skrybe_limestone_x,
          chequers_serial_rivers_micro_c, uniq_ijyb, uniq_terence

Action                     |  1- 3 |  4- 6 || total
---------------------------+-------+-------++-------
  Melee: Rapier            |    72 |     9 ||    81
         Constrict         |    17 |     2 ||    19
         Tentacles         |    15 |       ||    15
    Use: Potion            |       |     1 ||     1
   Stab: Sleeping          |     7 |     1 ||     8
 Armour: Skin              |    15 |     2 ||    17
  Dodge: Dodged            |    32 |     5 ||    37
  Block: Buckler           |     8 |     2 ||    10

Table legend: (Time is in decaauts)
 A = Elapsed time spent in this place.
 B = Non-inter-level travel time spent in this place.
 C = Inter-level travel time spent in this place.
 D = Time resting spent in this place.
 E = Time spent auto-exploring this place.
 F = Levels seen in this place.
 G = Mean time per level.
                   A        B        C        D        E       F      G
               +--------+--------+--------+--------+--------+-----+--------+
         Total |   1539 |   1426 |    113 |     78 |    825 |   3 |  513.0 |
       Dungeon |   1539 |   1426 |    113 |     78 |    825 |   3 |  513.0 |
               +--------+--------+--------+--------+--------+-----+--------+

Top non-repeatable levels by time:
     D:1: 964 daAuts
     D:2: 470 daAuts
     D:3: 104 daAuts
